 Dungeon Crawl Stone Soup version 0.14.0-15-g6b16f67 (webtiles) character file.

462 Qrupt the Slicer (level 7, -5/45 HPs)
             Began as a Halfling Fighter on Apr 18, 2014.
             Was an Initiate of Nemelex Xobeh.
             Slain by an orc priest
             ... wielding a +0,+1 flail
              (8 damage)
             ... on Level 3 of the Dungeon.
             The game lasted 00:08:38 (2411 turns).

Qrupt the Slicer (Halfling Fighter)                 Turns: 2411, Time: 00:08:38

HP  -5/45        AC  4     Str 14      XL: 7   Next: 17%
MP   7/7         EV 14     Int 13      God: Nemelex Xobeh [......]
Gold 40          SH 14     Dex 22      Spells:  0 memorised,  6 levels left

rFire  . . .     SeeInvis .     a - +0 cutlass
rCold  . . .     Clarity  .     b - +0 scale mail
rNeg   . . .     Conserve .     c - +0 buckler
rPois  .         rCorr    .     (no helmet)
rElec  .         rRot     .     l - +0 cloak (curse)
SustAb . .       Spirit   .     (no gloves)
rMut   .         Warding  .     (no boots)
Saprov . . .     Stasis   .     (no amulet)
MR     .....                    (no ring)
                                (no ring)

@: brilliant, agile, not resistant to hostile enchantments, unstealthy
A: deformed body, mutation resistance 1, slow metabolism 1
a: Renounce Religion


You were on level 3 of the Dungeon.
You worshipped Nemelex Xobeh.
Nemelex Xobeh was noncommittal.
You were near starving.

You visited 1 branch of the dungeon, and saw 3 of its levels.

You collected 40 gold pieces.

Inventory:

Hand weapons
 a - a +0,+0 cutlass (weapon)
 p - a +2,+0 sling of velocity
Missiles
 i - a throwing net (quivered)
 q - 22 stones
 y - a poisoned dart
Armour
 b - a +0 scale mail (worn)
 c - a +0 buckler (worn)
 l - a cursed +0 cloak (worn)
Magical devices
 v - a wand of magic darts (7)
 w - a wand of random effects (14) {unknown}
Comestibles
 d - 3 bread rations
 r - a pear
 t - a choko
Scrolls
 g - 3 scrolls of identify {unknown}
 u - a scroll of blinking {unknown}
Potions
 e - a potion of might
 h - a potion of haste
 j - a potion of porridge


   Skills:
 - Level 2.6 Fighting
 + Level 9.4 Short Blades
 - Level 2.4 Armour
 - Level 3.2 Shields


You had 6 spell levels left.
You didn't know any spells.

Dungeon Overview and Level Annotations

Branches:
Dungeon (3/15)

Altars:
Nemelex Xobeh
Xom


Innate Abilities, Weirdness & Mutations

You are small and have problems with some larger weapons.
You are somewhat resistant to further mutation.
You have a slow metabolism.
Armour fits poorly on your strangely shaped body.


Message History

The creatures around you are filled with an inner flame!
It was a scroll of immolation.
The orc priest mumbles some strange prayers to Beogh against you.
You struggle to resist.
Something hits you but does no damage.
Drink which item? (? for menu, Esc to quit)
You feel refreshed.
It was a potion of restore abilities.
The orc priest hits you with a flail.
* * * LOW HITPOINT WARNING * * *
You hear some strange, mumbled words.
Something tries to affect you, but you resist.
Drink which item? (? for menu, Esc to quit)
You feel extremely strange.
Your body twists and deforms.
It was a potion of mutation.
The orc priest barely misses you. Something hits you but does no damage.
Drink which item? (? for menu, Esc to quit)
You feel clever all of a sudden.
It was a potion of brilliance.
The orc priest hits you with a flail!
You die...
Your body disappears without a glow.

#### #..#..##.### ...# #..#..##.#
...### #..#..##.###
.....##############..#..##...#
...............).............#
##...##############o....#.....#
.................)...............
##############.o{##.##........###
#..@##.##.....####
#...##.##.....# ######.##......
#(#####..# #.# #.. ###(# ##..o#
#⌠.⌠%##### #._......#


You could see an orc priest (inner flame).

Vanquished Creatures
  Grinder (D:3)
  A crimson imp (D:3)
  An orc wizard (D:3)
  Ijyb (D:3)
  6 adders
  2 giant geckos (D:2)
  3 orcs (D:3)
  6 bats
  3 giant cockroaches (D:3)
  4 goblins
  8 hobgoblins
  9 kobolds
  An ooze (D:1)
  2 quokkas
  2 ball pythons
  5 giant newts
  9 rats
64 creatures vanquished.

Notes
Turn   | Place    | Note
--------------------------------------------------------------
     0 | D:1      | Qrupt, the Halfling Fighter, began the quest for the Orb.
     0 | D:1      | Reached XP level 1. HP: 15/15 MP: 1/1
   211 | D:1      | Reached XP level 2. HP: 20/20 MP: 2/2
   431 | D:1      | Reached skill level 4 in Short Blades
   608 | D:1      | Reached XP level 3. HP: 23/25 MP: 3/3
  1002 | D:2      | Reached skill level 5 in Short Blades
  1108 | D:2      | Reached XP level 4. HP: 30/30 MP: 4/4
  1455 | D:2      | Reached skill level 6 in Short Blades
  1793 | D:3      | Found a shimmering altar of Xom.
  1887 | D:3      | Reached XP level 5. HP: 31/35 MP: 5/5
  1938 | D:3      | Noticed Grinder
  1944 | D:3      | Noticed Ijyb
  1952 | D:3      | Paralysed by Grinder for 6 turns
  1963 | D:3      | Killed Grinder
  1963 | D:3      | Reached skill level 8 in Short Blades
  1963 | D:3      | Reached XP level 6. HP: 11/41 MP: 6/6
  1976 | D:3      | Killed Ijyb
  1989 | D:3      | Reached skill level 9 in Short Blades
  1989 | D:3      | Reached XP level 7. HP: 15/45 MP: 7/7
  2347 | D:3      | Found a sparkling altar of Nemelex Xobeh.
  2358 | D:3      | Became a worshipper of Nemelex Xobeh the Trickster
  2405 | D:3      | Paralysed by a potion of paralysis for 3 turns
  2410 | D:3      | Gained mutation: Armour fits poorly on your strangely shaped body. [potion of mutation]
  2411 | D:3      | Slain by an orc priest

Action                   |  1- 3 |  4- 6 |  7- 9 || total
-------------------------+-------+-------+-------++-------
Melee: Cutlass           |   108 |   121 |    24 ||   253
 Fire: Sling             |       |     5 |       ||     5
Throw: Throwing net      |       |       |     1 ||     1
Evoke: Wand              |       |       |     4 ||     4
  Use: Potion            |       |     4 |     6 ||    10
       Scroll            |       |       |     1 ||     1
 Stab: Held in net/web   |       |       |     1 ||     1
